![]() |
![]() |
![]() |
html PUBLIC "-//W3C//DTD XHTML 1.0 Transitional//EN" "http://www.w3.org/TR/xhtml1/DTD/xhtml1-transitional.dtd">
LAS VEGAS LIZARD KINGS vs TEXAS TOROSCreated - 10 mars 2025 at 20:30
1st period
No Goal
Penalties :
No Penalty
2nd period
1. TEXAS TOROS , Troy Terry 21 (Logan Cooley 23, Taylor Raddysh 11) at 8:08
2. TEXAS TOROS , Miles Wood 6 (Tyson Foerster 21, Owen Power 28) at 16:47 (PP) Penalties :
Vladislav Namestnikov (LVG) for Slashing (Minor) at 13:13, Dmitry Kulikov (LVG) for High sticking (Minor) at 16:24
3rd period
3. LAS VEGAS LIZARD KINGS , Ryan Nugent-Hopkins 22 (Nazem Kadri 27, Dmitry Kulikov 3) at 8:48 (SH)
4. TEXAS TOROS , Owen Power 6 (Troy Terry 25, Logan Cooley 24) at 13:38 Penalties :
Niko Mikkola (LVG) for Tripping (Minor) at 7:55
Goalie StatsSergei Bobrovsky (LVG), 20 saves from 23 shots - (0,870), L, 23-26-1, 60:00 minutes
Adin Hill (TEX), 32 saves from 33 shots - (0,970), W, 11-17-6, 60:00 minutes
Players Stats for LAS VEGAS LIZARD KINGSPlayer Name G A P +/- PIM S H SB GA TA FO MP PP MP PK MP ------------------------------------------------------------------------------------ Dmitry Kulikov 0 1 1 0 2 0 2 0 0 0 0/0 18:27 0:00 1:02 Drew O'Connor 0 0 0 -1 0 2 0 0 0 0 0/1 11:31 0:00 0:00 Dylan Holloway 0 0 0 0 0 3 1 0 0 0 0/2 16:16 0:00 0:00 Evan Rodrigues 0 0 0 0 0 3 1 0 0 0 1/3 16:16 0:00 0:00 John Marino 0 0 0 0 0 0 2 1 0 0 0/0 21:35 0:00 2:25 Johnny Gaudreau 0 0 0 -1 0 8 0 0 0 0 1/2 16:24 0:00 0:00 Luke Glendening 0 0 0 0 0 1 0 0 0 0 0/0 12:15 0:00 0:47 Matt Roy 0 0 0 -1 0 1 1 1 0 0 0/0 17:26 0:00 0:00 Nazem Kadri 0 1 1 1 0 1 0 0 0 0 17/18 19:11 0:00 2:55 Niko Mikkola 0 0 0 -1 2 0 0 1 0 0 0/0 16:37 0:00 0:54 Ryan McDonagh 0 0 0 0 0 2 2 1 0 0 0/0 24:54 0:00 2:25 Ryan Nugent-Hopkins 1 0 1 0 0 2 2 2 0 0 13/22 19:19 0:00 2:55 Sean Couturier 0 0 0 0 0 0 1 0 0 0 15/18 12:54 0:00 1:26 Simon Nemec 0 0 0 0 0 1 0 0 0 0 0/0 20:59 0:00 1:56 Ty Dellandrea 0 0 0 -1 0 1 0 0 0 0 6/12 11:31 0:00 0:00 Vladislav Namestnikov 0 0 0 -1 2 2 0 0 0 0 1/2 17:02 0:00 0:39 William Cuylle 0 0 0 0 0 3 1 0 0 0 0/1 11:28 0:00 0:00 Zemgus Girgensons 0 0 0 -1 0 3 3 0 0 0 0/0 11:31 0:00 0:00 Players Stats for TEXAS TOROSPlayer Name G A P +/- PIM S H SB GA TA FO MP PP MP PK MP ------------------------------------------------------------------------------------ Bobby Brink 0 0 0 0 0 0 0 0 0 0 0/0 11:03 0:00 0:00 Brandon Duhaime 0 0 0 0 0 0 2 0 0 0 3/13 11:03 0:00 0:00 Declan Chisholm 0 0 0 1 0 1 1 1 0 0 0/0 22:06 2:05 0:00 Dougie Hamilton 0 0 0 0 0 1 0 1 0 0 0/0 19:23 2:16 0:00 Kevin Hayes 0 0 0 0 0 1 0 0 0 0 2/7 5:48 0:00 0:00 Logan Cooley 0 2 2 1 0 6 1 0 0 0 13/30 23:22 1:42 0:00 Miles Wood 1 0 1 0 0 2 2 1 0 0 2/6 13:42 2:39 0:00 Owen Power 1 1 2 1 0 1 2 4 0 0 0/0 25:20 2:05 0:00 Philip Broberg 0 0 0 0 0 0 1 3 0 0 0/0 20:47 2:16 0:00 Philippe Myers 0 0 0 0 0 0 3 0 0 0 0/0 18:31 0:00 0:00 Ryan Poehling 0 0 0 -1 0 2 0 0 0 0 7/20 18:50 1:42 0:00 Taylor Raddysh 0 1 1 2 0 1 0 1 0 0 0/1 21:40 0:00 0:00 Trevor Zegras 0 0 0 0 0 0 0 0 0 0 0/0 5:48 0:00 0:00 Troy Terry 1 1 2 1 0 2 1 0 0 0 0/1 23:22 1:42 0:00 Tyson Barrie 0 0 0 0 0 0 0 1 0 0 0/0 13:53 0:00 0:00 Tyson Foerster 0 1 1 0 0 4 1 0 0 0 0/3 19:47 2:39 0:00 William Smith 0 0 0 0 0 0 0 0 0 0 0/0 5:48 0:00 0:00 Yegor Chinakhov 0 0 0 0 0 2 0 0 0 0 0/0 19:47 2:39 0:00 3 Stars
1 - Owen Power (TEX)
2 - Adin Hill (TEX) 3 - Troy Terry (TEX) Power PlayLAS VEGAS LIZARD KINGS - 0 on 0 Attempt(s) - 0,00%
TEXAS TOROS - 1 on 3 Attempt(s) - 33,33%
Penalty KillLAS VEGAS LIZARD KINGS - 2 on 3 Attempt(s) - 66,67%
- Score 1 goal in Penalty Kill
TEXAS TOROS - 0 on 0 Attempt(s) - 0,00%
- Score 0 goal in Penalty Kill
Team StatLAS VEGAS LIZARD KINGS - Hits : 16 - Faceoff Wins : 54 - Blocked Shots : 6 - Penalty Minutes : 6
TEXAS TOROS - Hits : 14 - Faceoff Wins : 27 - Blocked Shots : 12 - Penalty Minutes : 0
Official
Referees : Garrett Rank and Ian Walsh
Linesman : Ken Bonham and Brian Mach Game Notes
No Game Note
FinanceLevel 1 -- Attendance: 4777 (73,49%) -- Ticket Income 812 090 $Level 2 -- Attendance: 4434 (80,62%) -- Ticket Income 532 080 $ Level 3 -- Attendance: 2393 (79,77%) -- Ticket Income 215 370 $ Level 4 -- Attendance: 4276 (85,52%) -- Ticket Income 256 560 $ Luxury Box -- Attendance: 640 (64,00%) -- Ticket Income 256 000 $ Game was played at the Red Bull Arena. Total Attendance: 16520 (78,67%) Total Ticket Income: 2 072 100 $ Other Expense: 20 721 $ Total Income: 2 051 379 $ LAS VEGAS LIZARD KINGS5 vs 5 Forward Center Left Wing Right Wing Time % Phy DF OF 1 Ryan Nugent-Hopkins Johnny Gaudreau Vladislav Namestnikov 30 1 2 2 2 Nazem Kadri Dylan Holloway Evan Rodrigues 30 1 2 2 3 Sean Couturier William Cuylle Luke Glendening 20 1 2 2 4 Ty Dellandrea Drew O'Connor Zemgus Girgensons 20 1 2 2 5 vs 5 Defense Defense Defense Time % Phy DF OF 1 Ryan McDonagh John Marino 35 1 2 2 2 Dmitry Kulikov Matt Roy 30 1 2 2 3 Niko Mikkola Simon Nemec 25 1 2 2 4 Simon Nemec Ryan McDonagh 10 1 2 2 PowerPlay Forward Center Left Wing Right Wing Time % Phy DF OF 1 Ryan Nugent-Hopkins Johnny Gaudreau Vladislav Namestnikov 55 1 2 2 2 Nazem Kadri Dylan Holloway Evan Rodrigues 45 1 2 2 PowerPlay Defense Defense Defense Time % Phy DF OF 1 Ryan McDonagh John Marino 55 1 2 2 2 Simon Nemec Matt Roy 45 1 2 2 Penalty Kill 4 Players Forward Center Wing Time % Phy DF OF 1 Ryan Nugent-Hopkins Nazem Kadri 55 1 2 2 2 Sean Couturier Vladislav Namestnikov 45 1 2 2 Penalty Kill 4 Players Defense Defense Defense Time % Phy DF OF 1 Ryan McDonagh John Marino 55 1 2 2 2 Simon Nemec Niko Mikkola 45 1 2 2 Penalty Kill - 3 Players Forward Forward Time % Phy DF OF 1 Sean Couturier 55 1 2 2 2 Nazem Kadri 45 1 2 2 Penalty Kill - 3 Players Defense Defense Defense Time % Phy DF OF 1 Ryan McDonagh John Marino 55 1 2 2 2 Simon Nemec Matt Roy 45 1 2 2 4 vs 4 Forward Center Wing Time % Phy DF OF 1 Ryan Nugent-Hopkins Nazem Kadri 55 1 2 2 2 Johnny Gaudreau Vladislav Namestnikov 45 1 2 2 4 vs 4 Defense Defense Defense Time % Phy DF OF 1 Ryan McDonagh John Marino 55 1 2 2 2 Simon Nemec Matt Roy 45 1 2 2 Last Minutes Offensive Center Left Wing Right Wing Defense Defense Ryan Nugent-Hopkins Johnny Gaudreau Vladislav Namestnikov Ryan McDonagh John Marino Last Minutes Defensive Center Left Wing Right Wing Defense Defense Ryan Nugent-Hopkins Johnny Gaudreau Vladislav Namestnikov Ryan McDonagh John Marino Goaltenders Starting : Sergei Bobrovsky Backup : Kaapo Kahkonen Extra Forwards Normal : William Cuylle, Drew O'Connor, Luke Glendening - PP : William Cuylle, Drew O'Connor - PK : Luke Glendening Extra Defensemen Normal : Niko Mikkola, Dmitry Kulikov, Simon Nemec - PP : Niko Mikkola - PK : Dmitry Kulikov, Simon Nemec Penalty Shots Ryan Nugent-Hopkins, Nazem Kadri, Johnny Gaudreau, Sean Couturier, Vladislav Namestnikov Custom OT Lines Forwards Ryan Nugent-Hopkins, Nazem Kadri, Johnny Gaudreau, Vladislav Namestnikov, Dylan Holloway, Sean Couturier, William Cuylle, Drew O'Connor, Luke Glendening, Zemgus Girgensons Custom OT Lines Defensemen Ryan McDonagh, John Marino, Simon Nemec, Matt Roy, Niko Mikkola Scratches None TEXAS TOROS5 vs 5 Forward Center Left Wing Right Wing Time % Phy DF OF 1 Logan Cooley Troy Terry Taylor Raddysh 41 1 2 2 2 Ryan Poehling Yegor Chinakhov Tyson Foerster 31 1 2 2 3 Brandon Duhaime Miles Wood Bobby Brink 20 1 2 2 4 Kevin Hayes Trevor Zegras William Smith 8 1 2 2 5 vs 5 Defense Defense Defense Time % Phy DF OF 1 Owen Power Declan Chisholm 40 1 2 2 2 Philippe Myers Philip Broberg 30 1 2 2 3 Tyson Barrie Dougie Hamilton 20 1 2 2 4 Owen Power Dougie Hamilton 10 1 2 2 PowerPlay Forward Center Left Wing Right Wing Time % Phy DF OF 1 Logan Cooley Troy Terry Ryan Poehling 55 1 1 3 2 Miles Wood Yegor Chinakhov Tyson Foerster 45 1 1 3 PowerPlay Defense Defense Defense Time % Phy DF OF 1 Owen Power Declan Chisholm 55 1 1 3 2 Dougie Hamilton Philip Broberg 45 1 1 3 Penalty Kill 4 Players Forward Center Wing Time % Phy DF OF 1 Ryan Poehling Miles Wood 55 1 3 1 2 Troy Terry Logan Cooley 45 1 3 1 Penalty Kill 4 Players Defense Defense Defense Time % Phy DF OF 1 Owen Power Declan Chisholm 55 1 3 1 2 Dougie Hamilton Philip Broberg 45 1 3 1 Penalty Kill - 3 Players Forward Forward Time % Phy DF OF 1 Ryan Poehling 55 1 4 0 2 Logan Cooley 45 1 4 0 Penalty Kill - 3 Players Defense Defense Defense Time % Phy DF OF 1 Owen Power Declan Chisholm 55 1 4 0 2 Philippe Myers Philip Broberg 45 1 4 0 4 vs 4 Forward Center Wing Time % Phy DF OF 1 Logan Cooley Kevin Hayes 55 1 2 2 2 Ryan Poehling Troy Terry 45 1 2 2 4 vs 4 Defense Defense Defense Time % Phy DF OF 1 Owen Power Declan Chisholm 55 1 2 2 2 Tyson Barrie Philip Broberg 45 1 2 2 Last Minutes Offensive Center Left Wing Right Wing Defense Defense Logan Cooley Brandon Duhaime Taylor Raddysh Owen Power Declan Chisholm Last Minutes Defensive Center Left Wing Right Wing Defense Defense Logan Cooley Brandon Duhaime Taylor Raddysh Owen Power Declan Chisholm Goaltenders Starting : Adin Hill Backup : Philipp Grubauer Extra Forwards Normal : Trevor Zegras, Kevin Hayes, Miles Wood - PP : Trevor Zegras, Kevin Hayes - PK : Miles Wood Extra Defensemen Normal : Philip Broberg, Owen Power, Declan Chisholm - PP : Owen Power - PK : Owen Power, Declan Chisholm Penalty Shots Miles Wood, Logan Cooley, Troy Terry, Ryan Poehling, Kevin Hayes Custom OT Lines Forwards Taylor Raddysh, Logan Cooley, Troy Terry, Ryan Poehling, Kevin Hayes, Brandon Duhaime, Tyson Foerster, Yegor Chinakhov, Miles Wood, Trevor Zegras Custom OT Lines Defensemen Owen Power, Declan Chisholm, Tyson Barrie, Philip Broberg, Dougie Hamilton Scratches Nate Schmidt (Right Ankle Injury), Matthew Kessel (Healthy), Mikhail Sergachev (Healthy)
Play-by-Play1st period0:01 of 1st period - Logan Cooley wins face-off versus Ryan Nugent-Hopkins in neutral zone. 0:17 of 1st period - Logan Cooley is hit by Ryan McDonagh and loses puck. 0:24 of 1st period - Shot by Logan Cooley. 0:24 of 1st period - Stopped by Sergei Bobrovsky without a rebound. 0:25 of 1st period - Nazem Kadri wins face-off versus Ryan Poehling in LAS VEGAS LIZARD KINGS zone. 0:32 of 1st period - Shot by Dylan Holloway. 0:32 of 1st period - Stopped by Adin Hill without a rebound. 0:33 of 1st period - Sean Couturier wins face-off versus Brandon Duhaime in TEXAS TOROS zone. 0:48 of 1st period - Shot by Sean Couturier. 0:48 of 1st period - Shot Blocked by Miles Wood. 1:33 of 1st period - Matt Roy is hit by Philippe Myers and loses puck. 1:47 of 1st period - Zemgus Girgensons is hit by Philippe Myers and loses puck. 1:52 of 1st period - Shot by Drew O'Connor. 1:52 of 1st period - Shot Misses the Net. 1:54 of 1st period - Shot by Ty Dellandrea. 1:54 of 1st period - Stopped by Adin Hill without a rebound. 1:55 of 1st period - Nazem Kadri wins face-off versus Logan Cooley in TEXAS TOROS zone. 1:55 of 1st period - Nazem Kadri is hit by Owen Power. 2:03 of 1st period - Shot by Dylan Holloway. 2:03 of 1st period - Stopped by Adin Hill with a rebound. 2:27 of 1st period - Shot by Troy Terry. 2:27 of 1st period - Shot Misses the Net. 2:29 of 1st period - Shot by Declan Chisholm. 2:29 of 1st period - Stopped by Sergei Bobrovsky without a rebound. 2:30 of 1st period - Kevin Hayes wins face-off versus Johnny Gaudreau in LAS VEGAS LIZARD KINGS zone. 2:46 of 1st period - Icing by Niko Mikkola. 2:47 of 1st period - Ryan Nugent-Hopkins wins face-off versus Ryan Poehling in LAS VEGAS LIZARD KINGS zone. 3:02 of 1st period - Shot by Ryan Nugent-Hopkins. 3:02 of 1st period - Shot Misses the Net. 3:23 of 1st period - Icing by Ryan Nugent-Hopkins. 3:24 of 1st period - Ryan Nugent-Hopkins wins face-off versus Logan Cooley in LAS VEGAS LIZARD KINGS zone. 3:24 of 1st period - Vladislav Namestnikov is hit by Logan Cooley and loses puck. 3:33 of 1st period - Shot by Johnny Gaudreau. 3:33 of 1st period - Stopped by Adin Hill with a rebound. 3:59 of 1st period - Shot by Logan Cooley. 3:59 of 1st period - Stopped by Sergei Bobrovsky without a rebound. 4:00 of 1st period - Ty Dellandrea wins face-off versus Kevin Hayes in LAS VEGAS LIZARD KINGS zone. 4:09 of 1st period - Shot by Ryan McDonagh. 4:09 of 1st period - Deflect By Zemgus Girgensons. 4:09 of 1st period - Stopped by Adin Hill with a rebound. 5:29 of 1st period - Off-side. 5:30 of 1st period - Logan Cooley wins face-off versus Sean Couturier in neutral zone. 5:45 of 1st period - Shot by William Cuylle. 5:45 of 1st period - Shot Misses the Net. 5:49 of 1st period - Shot by Sean Couturier. 5:49 of 1st period - Shot Misses the Net. 6:09 of 1st period - Shot by William Cuylle. 6:09 of 1st period - Stopped by Adin Hill without a rebound. 6:10 of 1st period - Nazem Kadri wins face-off versus Brandon Duhaime in TEXAS TOROS zone. 6:41 of 1st period - Shot by Nazem Kadri. 6:41 of 1st period - Shot Misses the Net. 6:59 of 1st period - Off-side. 7:00 of 1st period - Logan Cooley wins face-off versus Vladislav Namestnikov in neutral zone. 7:24 of 1st period - Off-side. 7:25 of 1st period - Sean Couturier wins face-off versus Ryan Poehling in neutral zone. 7:36 of 1st period - Shot by William Cuylle. 7:36 of 1st period - Deflect By Sean Couturier. 7:36 of 1st period - Shot Blocked by Philip Broberg. 7:58 of 1st period - Shot by Ryan Poehling. 7:58 of 1st period - Shot Misses the Net. 8:07 of 1st period - Icing by Ryan McDonagh. 8:08 of 1st period - Logan Cooley wins face-off versus William Cuylle in LAS VEGAS LIZARD KINGS zone. 8:13 of 1st period - Shot by Taylor Raddysh. 8:13 of 1st period - Stopped by Sergei Bobrovsky with a rebound. 8:25 of 1st period - Shot by Logan Cooley. 8:25 of 1st period - Shot Blocked by John Marino. 9:31 of 1st period - Shot by Johnny Gaudreau. 9:31 of 1st period - Stopped by Adin Hill without a rebound. 9:32 of 1st period - Ryan Poehling wins face-off versus Evan Rodrigues in TEXAS TOROS zone. 10:03 of 1st period - Shot by Evan Rodrigues. 10:03 of 1st period - Stopped by Adin Hill with a rebound. 10:05 of 1st period - Shot by Niko Mikkola. 10:05 of 1st period - Shot Blocked by Philip Broberg. 10:22 of 1st period - Icing by Ryan Poehling. 10:23 of 1st period - Ryan Poehling wins face-off versus Ryan Nugent-Hopkins in TEXAS TOROS zone. 11:23 of 1st period - Off-side. 11:24 of 1st period - Nazem Kadri wins face-off versus Brandon Duhaime in neutral zone. 11:29 of 1st period - Shot by Dylan Holloway. 11:29 of 1st period - Shot Misses the Net. 12:25 of 1st period - Shot by Zemgus Girgensons. 12:25 of 1st period - Shot Misses the Net. 12:27 of 1st period - Shot by Niko Mikkola. 12:27 of 1st period - Shot Blocked by Dougie Hamilton. 13:25 of 1st period - Shot by Vladislav Namestnikov. 13:25 of 1st period - Stopped by Adin Hill without a rebound. 13:26 of 1st period - Sean Couturier wins face-off versus Logan Cooley in TEXAS TOROS zone. 13:26 of 1st period - Sean Couturier is hit by Owen Power. 13:56 of 1st period - Shot by William Cuylle. 13:56 of 1st period - Shot Misses the Net. 14:11 of 1st period - Icing by John Marino. 14:12 of 1st period - Sean Couturier wins face-off versus Ryan Poehling in LAS VEGAS LIZARD KINGS zone. 14:34 of 1st period - Off-side. 14:35 of 1st period - Kevin Hayes wins face-off versus Dylan Holloway in neutral zone. 15:03 of 1st period - Shot by Trevor Zegras. 15:03 of 1st period - Deflect By Kevin Hayes. 15:03 of 1st period - Shot Blocked by Niko Mikkola. 15:21 of 1st period - Taylor Raddysh is hit by Evan Rodrigues and loses puck. 16:08 of 1st period - Shot by Tyson Foerster. 16:08 of 1st period - Shot Misses the Net. 16:14 of 1st period - Shot by Tyson Foerster. 16:14 of 1st period - Stopped by Sergei Bobrovsky with a rebound. 17:12 of 1st period - Icing by Trevor Zegras. 17:13 of 1st period - Sean Couturier wins face-off versus Kevin Hayes in TEXAS TOROS zone. 17:24 of 1st period - Shot by Sean Couturier. 17:24 of 1st period - Shot Blocked by Declan Chisholm. 17:26 of 1st period - Shot by Luke Glendening. 17:26 of 1st period - Stopped by Adin Hill without a rebound. 17:27 of 1st period - Logan Cooley wins face-off versus Ty Dellandrea in TEXAS TOROS zone. 17:27 of 1st period - Logan Cooley is hit by Zemgus Girgensons. 17:34 of 1st period - Off-side. 17:35 of 1st period - Ty Dellandrea wins face-off versus Taylor Raddysh in neutral zone. 17:47 of 1st period - Icing by Ryan McDonagh. 17:48 of 1st period - Ryan Poehling wins face-off versus Ty Dellandrea in LAS VEGAS LIZARD KINGS zone. 18:04 of 1st period - Icing by John Marino. 18:05 of 1st period - Logan Cooley wins face-off versus Ty Dellandrea in LAS VEGAS LIZARD KINGS zone. 18:44 of 1st period - Shot by Troy Terry. 18:44 of 1st period - Shot Misses the Net. 19:03 of 1st period - Shot by Vladislav Namestnikov. 19:03 of 1st period - Shot Blocked by Philip Broberg. 19:05 of 1st period - Shot by Matt Roy. 19:05 of 1st period - Stopped by Adin Hill without a rebound. 19:06 of 1st period - Nazem Kadri wins face-off versus Tyson Foerster in TEXAS TOROS zone. 19:09 of 1st period - Shot by Dylan Holloway. 19:09 of 1st period - Stopped by Adin Hill with a rebound. 19:12 of 1st period - Icing by Owen Power. 19:13 of 1st period - Nazem Kadri wins face-off versus Tyson Foerster in TEXAS TOROS zone. Goals for this period are 0 for LAS VEGAS LIZARD KINGS vs 0 for TEXAS TOROS. Shots for this period are 12 for LAS VEGAS LIZARD KINGS vs 5 for TEXAS TOROS. 2nd period0:01 of 2nd period - Ryan Nugent-Hopkins wins face-off versus Logan Cooley in neutral zone. 0:24 of 2nd period - Shot by Vladislav Namestnikov. 0:24 of 2nd period - Shot Misses the Net. 0:31 of 2nd period - Icing by Troy Terry. 0:32 of 2nd period - Nazem Kadri wins face-off versus Logan Cooley in TEXAS TOROS zone. 0:41 of 2nd period - Shot by Evan Rodrigues. 0:41 of 2nd period - Stopped by Adin Hill with a rebound. 1:32 of 2nd period - Shot by Ryan Poehling. 1:32 of 2nd period - Shot Misses the Net. 2:00 of 2nd period - Icing by Johnny Gaudreau. 2:01 of 2nd period - Johnny Gaudreau wins face-off versus Brandon Duhaime in LAS VEGAS LIZARD KINGS zone. 2:24 of 2nd period - Shot by Johnny Gaudreau. 2:24 of 2nd period - Stopped by Adin Hill with a rebound. 2:26 of 2nd period - Shot by Ryan McDonagh. 2:26 of 2nd period - Stopped by Adin Hill without a rebound. 2:27 of 2nd period - Logan Cooley wins face-off versus Ty Dellandrea in TEXAS TOROS zone. 3:00 of 2nd period - Shot by Drew O'Connor. 3:00 of 2nd period - Stopped by Adin Hill with a rebound. 3:02 of 2nd period - Shot by Ryan McDonagh. 3:02 of 2nd period - Shot Misses the Net. 3:04 of 2nd period - Shot by John Marino. 3:04 of 2nd period - Shot Blocked by Owen Power. 4:58 of 2nd period - Icing by Ryan McDonagh. 4:59 of 2nd period - Brandon Duhaime wins face-off versus Evan Rodrigues in LAS VEGAS LIZARD KINGS zone. 4:59 of 2nd period - Brandon Duhaime is hit by Ryan McDonagh. 5:10 of 2nd period - Nazem Kadri is hit by Philippe Myers and loses puck. 5:17 of 2nd period - Shot by Evan Rodrigues. 5:17 of 2nd period - Shot Misses the Net. 5:45 of 2nd period - Shot by Ty Dellandrea. 5:45 of 2nd period - Shot Misses the Net. 6:42 of 2nd period - Shot by Johnny Gaudreau. 6:42 of 2nd period - Stopped by Adin Hill without a rebound. 6:43 of 2nd period - Sean Couturier wins face-off versus Ryan Poehling in TEXAS TOROS zone. 6:59 of 2nd period - Icing by Tyson Foerster. 7:00 of 2nd period - Ryan Nugent-Hopkins wins face-off versus Ryan Poehling in TEXAS TOROS zone. 7:49 of 2nd period - Troy Terry is hit by Ryan Nugent-Hopkins and loses puck. 8:08 of 2nd period - Shot by Troy Terry. 8:08 of 2nd period - Goal by Troy Terry - LAS VEGAS LIZARD KINGS : 0 - TEXAS TOROS : 1. 8:09 of 2nd period - Sean Couturier wins face-off versus Kevin Hayes in neutral zone. 8:16 of 2nd period - Shot by Sean Couturier. 8:16 of 2nd period - Shot Misses the Net. 9:10 of 2nd period - Icing by Trevor Zegras. 9:11 of 2nd period - Ty Dellandrea wins face-off versus Kevin Hayes in TEXAS TOROS zone. 9:20 of 2nd period - Shot by Zemgus Girgensons. 9:20 of 2nd period - Stopped by Adin Hill with a rebound. 9:22 of 2nd period - Shot by Zemgus Girgensons. 9:22 of 2nd period - Stopped by Adin Hill without a rebound. 9:23 of 2nd period - Nazem Kadri wins face-off versus Logan Cooley in TEXAS TOROS zone. 9:26 of 2nd period - Shot by Dylan Holloway. 9:26 of 2nd period - Shot Misses the Net. 9:57 of 2nd period - Shot by Logan Cooley. 9:57 of 2nd period - Stopped by Sergei Bobrovsky without a rebound. 9:58 of 2nd period - Ryan Poehling wins face-off versus Ryan Nugent-Hopkins in LAS VEGAS LIZARD KINGS zone. 9:58 of 2nd period - Ryan Poehling is hit by Dmitry Kulikov. 10:04 of 2nd period - Shot by Yegor Chinakhov. 10:04 of 2nd period - Shot Misses the Net. 10:13 of 2nd period - Off-side. 10:14 of 2nd period - Brandon Duhaime wins face-off versus Drew O'Connor in neutral zone. 10:14 of 2nd period - Brandon Duhaime is hit by Zemgus Girgensons. 11:21 of 2nd period - Shot by Logan Cooley. 11:21 of 2nd period - Stopped by Sergei Bobrovsky without a rebound. 11:22 of 2nd period - Nazem Kadri wins face-off versus Ryan Poehling in LAS VEGAS LIZARD KINGS zone. 11:38 of 2nd period - Icing by Dmitry Kulikov. 11:39 of 2nd period - Logan Cooley wins face-off versus Nazem Kadri in LAS VEGAS LIZARD KINGS zone. 11:45 of 2nd period - Troy Terry is hit by Matt Roy and loses puck. 11:53 of 2nd period - Icing by Dmitry Kulikov. 11:54 of 2nd period - Nazem Kadri wins face-off versus Ryan Poehling in LAS VEGAS LIZARD KINGS zone. 12:16 of 2nd period - Icing by Dmitry Kulikov. 12:17 of 2nd period - Evan Rodrigues wins face-off versus Logan Cooley in LAS VEGAS LIZARD KINGS zone. 13:13 of 2nd period - Minor Penalty to Vladislav Namestnikov for Slashing. 13:14 of 2nd period - Miles Wood wins face-off versus Ryan Nugent-Hopkins in LAS VEGAS LIZARD KINGS zone. 13:17 of 2nd period - Shot by Dougie Hamilton. 13:17 of 2nd period - Stopped by Sergei Bobrovsky without a rebound. 13:18 of 2nd period - Ryan Nugent-Hopkins wins face-off versus Miles Wood in LAS VEGAS LIZARD KINGS zone. 13:18 of 2nd period - Ryan Nugent-Hopkins is hit by Miles Wood. 14:26 of 2nd period - Shot by Ryan Nugent-Hopkins. 14:26 of 2nd period - Shot Misses the Net. 14:34 of 2nd period - Shot by Nazem Kadri. 14:34 of 2nd period - Shot Misses the Net. 14:42 of 2nd period - Shot by Ryan Nugent-Hopkins. 14:42 of 2nd period - Shot Blocked by Owen Power. 14:44 of 2nd period - Shot by Simon Nemec. 14:44 of 2nd period - Stopped by Adin Hill without a rebound. 14:45 of 2nd period - Sean Couturier wins face-off versus Logan Cooley in TEXAS TOROS zone. 15:03 of 2nd period - Shot by Ryan Poehling. 15:03 of 2nd period - Stopped by Sergei Bobrovsky without a rebound. 15:04 of 2nd period - Miles Wood wins face-off versus Ryan Nugent-Hopkins in LAS VEGAS LIZARD KINGS zone. 16:24 of 2nd period - Minor Penalty to Dmitry Kulikov for High sticking. 16:25 of 2nd period - Ryan Nugent-Hopkins wins face-off versus Miles Wood in LAS VEGAS LIZARD KINGS zone. 16:25 of 2nd period - Ryan Nugent-Hopkins is hit by Miles Wood. 16:35 of 2nd period - Shot by Yegor Chinakhov. 16:35 of 2nd period - Shot Blocked by Ryan Nugent-Hopkins. 16:37 of 2nd period - Shot by Owen Power. 16:37 of 2nd period - Shot Misses the Net. 16:47 of 2nd period - Shot by Tyson Foerster. 16:47 of 2nd period - Deflect By Miles Wood. 16:47 of 2nd period - Goal by Miles Wood - LAS VEGAS LIZARD KINGS : 0 - TEXAS TOROS : 2. 16:48 of 2nd period - Sean Couturier wins face-off versus Logan Cooley in neutral zone. 16:55 of 2nd period - Shot by William Cuylle. 16:55 of 2nd period - Stopped by Adin Hill with a rebound. 17:03 of 2nd period - Shot by William Cuylle. 17:03 of 2nd period - Stopped by Adin Hill without a rebound. 17:04 of 2nd period - Ryan Nugent-Hopkins wins face-off versus Ryan Poehling in TEXAS TOROS zone. 17:15 of 2nd period - Shot by Ryan Nugent-Hopkins. 17:15 of 2nd period - Shot Blocked by Owen Power. 17:17 of 2nd period - Shot by Ryan McDonagh. 17:17 of 2nd period - Stopped by Adin Hill without a rebound. 17:18 of 2nd period - Sean Couturier wins face-off versus Logan Cooley in TEXAS TOROS zone. 17:18 of 2nd period - William Cuylle is hit by Declan Chisholm and loses puck. 17:26 of 2nd period - Icing by Declan Chisholm. 17:27 of 2nd period - Ryan Nugent-Hopkins wins face-off versus Logan Cooley in TEXAS TOROS zone. 18:35 of 2nd period - Shot by Tyson Foerster. 18:35 of 2nd period - Stopped by Sergei Bobrovsky without a rebound. 18:36 of 2nd period - Nazem Kadri wins face-off versus Brandon Duhaime in LAS VEGAS LIZARD KINGS zone. 18:36 of 2nd period - Nazem Kadri is hit by Brandon Duhaime. 19:25 of 2nd period - Off-side. 19:26 of 2nd period - Logan Cooley wins face-off versus Sean Couturier in neutral zone. Goals for this period are 0 for LAS VEGAS LIZARD KINGS vs 2 for TEXAS TOROS. Shots for this period are 11 for LAS VEGAS LIZARD KINGS vs 7 for TEXAS TOROS. 3rd period0:01 of 3rd period - Ryan Nugent-Hopkins wins face-off versus Ryan Poehling in neutral zone. 0:14 of 3rd period - Shot by Yegor Chinakhov. 0:14 of 3rd period - Stopped by Sergei Bobrovsky without a rebound. 0:15 of 3rd period - Nazem Kadri wins face-off versus Troy Terry in LAS VEGAS LIZARD KINGS zone. 0:44 of 3rd period - Icing by Evan Rodrigues. 0:45 of 3rd period - Nazem Kadri wins face-off versus Ryan Poehling in LAS VEGAS LIZARD KINGS zone. 0:50 of 3rd period - Niko Mikkola is hit by Tyson Foerster and loses puck. 1:35 of 3rd period - Icing by John Marino. 1:36 of 3rd period - Logan Cooley wins face-off versus Ryan Nugent-Hopkins in LAS VEGAS LIZARD KINGS zone. 2:05 of 3rd period - Shot by Vladislav Namestnikov. 2:05 of 3rd period - Stopped by Adin Hill with a rebound. 2:18 of 3rd period - Icing by Taylor Raddysh. 2:19 of 3rd period - Sean Couturier wins face-off versus Logan Cooley in TEXAS TOROS zone. 3:50 of 3rd period - Shot by Dylan Holloway. 3:50 of 3rd period - Shot Misses the Net. 4:19 of 3rd period - Shot by Ty Dellandrea. 4:19 of 3rd period - Shot Misses the Net. 4:21 of 3rd period - Shot by Drew O'Connor. 4:21 of 3rd period - Stopped by Adin Hill without a rebound. 4:22 of 3rd period - Brandon Duhaime wins face-off versus Ryan Nugent-Hopkins in TEXAS TOROS zone. 4:45 of 3rd period - Ryan Nugent-Hopkins is hit by Brandon Duhaime and loses puck. 4:51 of 3rd period - Off-side. 4:52 of 3rd period - Sean Couturier wins face-off versus Logan Cooley in neutral zone. 5:24 of 3rd period - Shot by Logan Cooley. 5:24 of 3rd period - Stopped by Sergei Bobrovsky without a rebound. 5:25 of 3rd period - Vladislav Namestnikov wins face-off versus Kevin Hayes in LAS VEGAS LIZARD KINGS zone. 5:50 of 3rd period - Shot by Kevin Hayes. 5:50 of 3rd period - Stopped by Sergei Bobrovsky without a rebound. 5:51 of 3rd period - Nazem Kadri wins face-off versus Brandon Duhaime in LAS VEGAS LIZARD KINGS zone. 6:17 of 3rd period - Shot by Evan Rodrigues. 6:17 of 3rd period - Stopped by Adin Hill without a rebound. 6:18 of 3rd period - Logan Cooley wins face-off versus Sean Couturier in TEXAS TOROS zone. 6:18 of 3rd period - Logan Cooley is hit by William Cuylle. 6:28 of 3rd period - Shot by Logan Cooley. 6:28 of 3rd period - Shot Misses the Net. 6:40 of 3rd period - Shot by Sean Couturier. 6:40 of 3rd period - Shot Hit the Post. 7:24 of 3rd period - Shot by Johnny Gaudreau. 7:24 of 3rd period - Stopped by Adin Hill with a rebound. 7:29 of 3rd period - Ryan Nugent-Hopkins is hit by Philip Broberg and loses puck. 7:34 of 3rd period - Shot by Johnny Gaudreau. 7:34 of 3rd period - Stopped by Adin Hill without a rebound. 7:35 of 3rd period - Ty Dellandrea wins face-off versus Brandon Duhaime in TEXAS TOROS zone. 7:38 of 3rd period - Shot by Zemgus Girgensons. 7:38 of 3rd period - Shot Blocked by Tyson Barrie. 7:55 of 3rd period - Minor Penalty to Niko Mikkola for Tripping. 7:56 of 3rd period - Ryan Nugent-Hopkins wins face-off versus Miles Wood in LAS VEGAS LIZARD KINGS zone. 8:13 of 3rd period - Shot by Miles Wood. 8:13 of 3rd period - Stopped by Sergei Bobrovsky without a rebound. 8:14 of 3rd period - Ryan Nugent-Hopkins wins face-off versus Logan Cooley in LAS VEGAS LIZARD KINGS zone. 8:19 of 3rd period - Owen Power is hit by Ryan Nugent-Hopkins and loses puck. 8:46 of 3rd period - Shot by Nazem Kadri. 8:46 of 3rd period - Shot Misses the Net. 8:48 of 3rd period - Shot by Ryan Nugent-Hopkins. 8:48 of 3rd period - Goal by Ryan Nugent-Hopkins - LAS VEGAS LIZARD KINGS : 1 - TEXAS TOROS : 2. 8:49 of 3rd period - Sean Couturier wins face-off versus Miles Wood in neutral zone. 8:58 of 3rd period - Philip Broberg is hit by Sean Couturier and loses puck. 11:00 of 3rd period - Shot by William Cuylle. 11:00 of 3rd period - Shot Blocked by Taylor Raddysh. 11:50 of 3rd period - Shot by Yegor Chinakhov. 11:50 of 3rd period - Stopped by Sergei Bobrovsky with a rebound. 11:52 of 3rd period - Shot by Ryan Poehling. 11:52 of 3rd period - Deflect By Yegor Chinakhov. 11:52 of 3rd period - Shot Misses the Net. 11:54 of 3rd period - Shot by Tyson Foerster. 11:54 of 3rd period - Stopped by Sergei Bobrovsky without a rebound. 11:55 of 3rd period - Nazem Kadri wins face-off versus Brandon Duhaime in LAS VEGAS LIZARD KINGS zone. 12:17 of 3rd period - Shot by Bobby Brink. 12:17 of 3rd period - Shot Blocked by Matt Roy. 12:59 of 3rd period - Shot by Ryan Poehling. 12:59 of 3rd period - Shot Misses the Net. 13:04 of 3rd period - Off-side. 13:05 of 3rd period - Ty Dellandrea wins face-off versus Logan Cooley in neutral zone. 13:05 of 3rd period - Ty Dellandrea is hit by Troy Terry. 13:34 of 3rd period - Shot by Troy Terry. 13:34 of 3rd period - Shot Misses the Net. 13:36 of 3rd period - Shot by Troy Terry. 13:36 of 3rd period - Shot Misses the Net. 13:38 of 3rd period - Shot by Owen Power. 13:38 of 3rd period - Goal by Owen Power - LAS VEGAS LIZARD KINGS : 1 - TEXAS TOROS : 3. 13:39 of 3rd period - Ryan Nugent-Hopkins wins face-off versus Ryan Poehling in neutral zone. 13:59 of 3rd period - Ryan Poehling is hit by John Marino and loses puck. 14:08 of 3rd period - Shot by Tyson Foerster. 14:08 of 3rd period - Stopped by Sergei Bobrovsky with a rebound. 14:12 of 3rd period - Shot by Ryan Poehling. 14:12 of 3rd period - Shot Misses the Net. 14:14 of 3rd period - Shot by Yegor Chinakhov. 14:14 of 3rd period - Shot Blocked by Ryan McDonagh. 14:16 of 3rd period - Shot by Tyson Foerster. 14:16 of 3rd period - Shot Blocked by Ryan Nugent-Hopkins. 14:18 of 3rd period - Shot by Ryan Poehling. 14:18 of 3rd period - Stopped by Sergei Bobrovsky without a rebound. 14:19 of 3rd period - Logan Cooley wins face-off versus Dylan Holloway in LAS VEGAS LIZARD KINGS zone. 14:19 of 3rd period - Logan Cooley is hit by Dmitry Kulikov. 14:31 of 3rd period - Philip Broberg is hit by Dylan Holloway and loses puck. 14:37 of 3rd period - Icing by Philip Broberg. 14:38 of 3rd period - Logan Cooley wins face-off versus Ty Dellandrea in TEXAS TOROS zone. 14:38 of 3rd period - Logan Cooley is hit by Zemgus Girgensons. 14:55 of 3rd period - Shot by Troy Terry. 14:55 of 3rd period - Shot Misses the Net. 14:57 of 3rd period - Shot by Taylor Raddysh. 14:57 of 3rd period - Shot Misses the Net. 14:59 of 3rd period - Shot by Troy Terry. 14:59 of 3rd period - Stopped by Sergei Bobrovsky without a rebound. 15:00 of 3rd period - Ryan Poehling wins face-off versus Ryan Nugent-Hopkins in LAS VEGAS LIZARD KINGS zone. 15:16 of 3rd period - Shot by Johnny Gaudreau. 15:16 of 3rd period - Deflect By Ryan Nugent-Hopkins. 15:16 of 3rd period - Stopped by Adin Hill without a rebound. 15:17 of 3rd period - Nazem Kadri wins face-off versus Brandon Duhaime in TEXAS TOROS zone. 15:42 of 3rd period - Shot by Nazem Kadri. 15:42 of 3rd period - Stopped by Adin Hill without a rebound. 15:43 of 3rd period - Ryan Poehling wins face-off versus Ryan Nugent-Hopkins in TEXAS TOROS zone. 16:08 of 3rd period - Shot by Johnny Gaudreau. 16:08 of 3rd period - Stopped by Adin Hill without a rebound. 16:09 of 3rd period - Nazem Kadri wins face-off versus Logan Cooley in TEXAS TOROS zone. 16:18 of 3rd period - Shot by Logan Cooley. 16:18 of 3rd period - Stopped by Sergei Bobrovsky without a rebound. 16:19 of 3rd period - Sean Couturier wins face-off versus Logan Cooley in LAS VEGAS LIZARD KINGS zone. 16:35 of 3rd period - Taylor Raddysh is hit by John Marino and loses puck. 16:39 of 3rd period - Icing by Ryan McDonagh. 16:40 of 3rd period - Sean Couturier wins face-off versus Ryan Poehling in LAS VEGAS LIZARD KINGS zone. 18:25 of 3rd period - Shot by Ryan Nugent-Hopkins. 18:25 of 3rd period - Shot Misses the Net. 18:27 of 3rd period - Shot by Ryan Nugent-Hopkins. 18:27 of 3rd period - Shot Blocked by Owen Power. 18:29 of 3rd period - Shot by Ryan Nugent-Hopkins. 18:29 of 3rd period - Deflect By Johnny Gaudreau. 18:29 of 3rd period - Stopped by Adin Hill without a rebound. 18:30 of 3rd period - Ty Dellandrea wins face-off versus Brandon Duhaime in TEXAS TOROS zone. 18:55 of 3rd period - Icing by Ty Dellandrea. 18:56 of 3rd period - Ryan Poehling wins face-off versus Ty Dellandrea in LAS VEGAS LIZARD KINGS zone. 18:57 of 3rd period - Shot by Yegor Chinakhov. 18:57 of 3rd period - Shot Misses the Net. 19:13 of 3rd period - Icing by Ryan Poehling. 19:14 of 3rd period - Ryan Nugent-Hopkins wins face-off versus Tyson Foerster in TEXAS TOROS zone. 19:34 of 3rd period - Shot by Vladislav Namestnikov. 19:34 of 3rd period - Deflect By Johnny Gaudreau. 19:34 of 3rd period - Shot Misses the Net. Goals for this period are 1 for LAS VEGAS LIZARD KINGS vs 1 for TEXAS TOROS. Shots for this period are 10 for LAS VEGAS LIZARD KINGS vs 11 for TEXAS TOROS. Back to the Top |
VINCE DUNN ![]() |
JAMIE BENN ![]() |
JONATHAN DROUIN ![]() |
![]() |